 Dungeon Crawl Stone Soup version 0.17.0-73-gb648821 (webtiles) character file.

92 lucasterio the Cudgeler (level 4, -8/52 HPs)
             Began as a Demonspawn Berserker on Dec 10, 2015.
             Was a Believer of Trog.
             Splashed by a jelly's acid (10 damage)
             ... on level 3 of the Dungeon.
             The game lasted 00:09:06 (2536 turns).

lucasterio the Cudgeler (Demonspawn Berserker)      Turns: 2536, Time: 00:09:07

Health: -8/52      AC: -2    Str: 24    XL:     4   Next: 35%
Magic:  4/4        EV:  3    Int:  8    God:    Trog [**....]
Gold:   158        SH: 13    Dex: 12    Spells: 0 memorised, 3 levels left

rFire  . . .     SeeInvis .     a - +0 mace
rCold  . . .     Clarity  .     l - +0 chain mail
rNeg   . . .     SustAt   .     k - +0 large shield
rPois  .         Gourm    .     (no helmet)
rElec  .         Spirit   .     o - +0 cloak
rCorr  .         Warding  .     (no gloves)
rMut   .         Stasis   .     (no boots)
MR     .....                    (no amulet)
Stlth  ..........               (no ring)
                                (no ring)

@: berserking, corroded equipment, very quick, not resistant to hostile
enchantments, extremely unstealthy
A: icy blue scales 2
a: Berserk, Trog's Hand, Burn Spellbooks, Renounce Religion


You were on level 3 of the Dungeon.
You worshipped Trog.
Trog was pleased with you.
You were not hungry.

You visited 1 branch of the dungeon, and saw 3 of its levels.

You collected 158 gold pieces.

Inventory:

Hand Weapons
 a - a +0 mace (weapon)
 i - a +1 short sword of holy wrath
Armour
 k - a +0 large shield (worn)
 l - a +0 chain mail (worn)
 o - a +0 cloak (worn)
 p - a swamp dragon hide
Jewellery
 g - a +4 ring of evasion {unknown}
 j - an uncursed ring of sustain attributes {unknown}
Scrolls
 h - 4 scrolls of teleportation {unknown}
 n - a scroll of magic mapping {unknown}
 q - a scroll of remove curse {unknown}
 s - a scroll of identify {unknown}
Potions
 e - a potion of agility {unknown}
 f - 2 potions of flight {unknown}
 m - a potion of heal wounds {unknown}
 u - a potion of beneficial mutation {unknown}
Comestibles
 b - a royal jelly
 c - 4 bread rations
 d - a meat ration
 r - 6 chunks of flesh
 t - 4 fruits


   Skills:
 - Level 3.0 Fighting
 * Level 3.8 Maces & Flails
 + Level 2.9 Armour
 - Level 1.7 Dodging
 + Level 1.0 Shields


You had 3 spell levels left.
You didn't know any spells.

Dungeon Overview and Level Annotations

Branches:
Dungeon (3/15)

Altars:
Fedhas


Innate Abilities, Weirdness & Mutations

You are mostly covered in icy blue scales (AC +3, EV -1).


Message History

You hit the jelly.
Your hands burn!
The jelly is heavily wounded.
The jelly hits you.
You are splashed with acid!
The acid corrodes you!
The acid burns!
You hit the jelly. The acid corrodes you!
Your hands burn!
The jelly is severely wounded.
You block the jelly's attack.
You hit the jelly but do no damage.
Your hands burn!
The jelly is severely wounded.
The jelly hits you.
* * * LOW HITPOINT WARNING * * *
You are splashed with acid!
The acid burns!
* * * LOW HITPOINT WARNING * * *
You block the jelly's attack.
A red film seems to cover your vision as you go berserk!
You feel yourself moving faster!
You feel mighty!
You feel somewhat more hungry. The jelly hits you.
* * * LOW HITPOINT WARNING * * *
You are splashed with acid!
The acid corrodes you!
The acid burns!
You die...

#.......######
#..).........#
###'#...####.#
#.#.#.# #.#
#######.#.#.#
#.#
......>...#.#
#.#
#######...#.#
#.# # ##.##.#
#.# # ......#
#@# #
#.##........J.#
# #.
########### # #
# # # #### ...#


You could see a jelly.

Vanquished Creatures
  3 adders
  A worm (D:3)
  4 giant geckos
  A ball python (D:1)
  4 giant cockroaches
  7 hobgoblins
  6 kobolds
  A quokka (D:2)
  8 bats
  7 giant newts
  7 goblins
  6 jackals (D:1)
  8 rats
63 creatures vanquished.

Vanquished Creatures (others)
  2 fungi (D:3)
2 creatures vanquished.

Grand Total: 65 creatures vanquished

Notes
Turn   | Place    | Note
--------------------------------------------------------------
     0 | D:1      | lucasterio the Demonspawn Berserker began the quest for the Orb.
     0 | D:1      | Reached XP level 1. HP: 18/18 MP: 1/1
   463 | D:1      | Gained mutation: You are partially covered in icy blue scales (AC +1). [demonic ancestry]
   463 | D:1      | Reached XP level 2. HP: 17/24 MP: 2/2
   737 | D:1      | Reached ** piety under Trog
   869 | D:1      | Reached XP level 3. HP: 29/29 MP: 3/3
  1879 | D:3      | Found a blossoming altar of Fedhas.
  1912 | D:3      | Reached skill level 1 in Shields
  1912 | D:3      | Gained mutation: You are mostly covered in icy blue scales (AC +3, EV -1). [demonic ancestry]
  1912 | D:3      | Reached XP level 4. HP: 18/35 MP: 4/4
  2536 | D:3      | HP: 2/52 [jelly (2)]
  2536 | D:3      | Splashed by a jelly's acid

Action                   |  1- 3 |  4- 6 || total
-------------------------+-------+-------++-------
Melee: Mace              |   198 |    62 ||   260
Invok: Berserk           |       |     1 ||     1
  Eat: Chunk             |     3 |     3 ||     6
